Map: Battle on the Boardwalk LE

Players

PabloEscobar - Winner!

  • Race: Terran Terran
  • League: Master
  • Spawn Location: 11:00

Rye

  • Race: Zerg Zerg
  • League: Diamond
  • Spawn Location: 1:00

VOD

Have the link to the VOD?

Description

Time

  • Played on: Jan. 1, 2018, 9:34 p.m.
  • Length: 20:07
Show
View Real Time Build Order
Export as new Build Order

PabloEscobar Terran - Winner!

Build Orders: Command Center First (CC), MMM Bio 

Get SALT Encoding   

  12  0:00  SCV  
  13  0:12  SCV  
  14  0:19  Supply Depot  
  14  0:25  SCV  
  15  0:40  SCV  
  16  0:52  SCV  
  17  1:03  Command Center  
  17  1:05  SCV  
  18  1:17  SCV  
  19  1:22  Barracks  
  19  1:27  Refinery  
  19  1:29  SCV  
  20  1:41  SCV  
  21  1:47  Refinery  
  21  1:53  SCV  
  22  2:09  Orbital Command  
  22  2:17  Barracks Reactor  
  22  2:18  Supply Depot  
  22  2:22  Orbital Command  
  22  2:24  Barracks  
  22  2:34  SCV  
  23  2:46  Factory  
  23  2:48  SCV  
  23  2:50  SCV  
  25  2:57  Marine x2  
  27  3:03  SCV x2  
  29  3:11  Barracks Tech Lab  
  29  3:15  SCV, Marine  
  29  3:16  SCV, Marine  
  33  3:21  Supply Depot  
  34  3:27  SCV  
  34  3:28  SCV  
  34  3:29  Marine  
  34  3:30  Stimpack  
  34  3:33  Marine x2  
  38  3:35  Starport, Factory Reactor  
  38  3:40  SCV x2  
  40  3:47  Marine  
  41  3:51  Marine x2  
  41  3:52  SCV  
  41  3:54  SCV  
  45  3:55  Refinery  
  45  3:58  Supply Depot  
  45  4:04  Engineering Bay  
  45  4:05  SCV  
  45  4:06  SCV  
  47  4:10  Orbital Command  
  47  4:15  Marine x3  
  47  4:22  SCV  
  47  4:24  Medivac x2  
  51  4:32  Marine  
  52  4:43  SCV  
  53  4:46  SCV  
  53  4:48  Supply Depot, Marine x2  
  53  4:51  Factory Tech Lab  
  56  4:55  Barracks  
  56  5:01  Medivac  
  56  5:02  Marine  
  59  5:12  SCV, Marine  
  59  5:13  Marine  
  62  5:14  Siege Tank  
  62  5:19  Marine  
  66  5:24  Viking  
  66  5:26  SCV  
  66  5:27  Terran Infantry Weapons Level 1  
  69  5:29  Engineering Bay  
  69  5:30  Supply Depot  
  69  5:33  Supply Depot  
  69  5:38  SCV  
  68  6:09  Marine x2  
  62  6:15  SCV x2  
  62  6:17  Refinery x2  
  64  6:19  Command Center, Terran Infantry Armor Level 1  
  64  6:20  Armory  
  64  6:22  Supply Depot, Barracks Reactor  
  64  6:23  Supply Depot  
  64  6:30  Combat Shields, SCV  
  64  6:31  Marine x3  
  68  6:36  Barracks  
  68  6:39  Barracks  
  68  6:41  Starport Reactor  
  68  6:42  SCV  
  69  6:49  Marine  
  69  6:51  Marine x2  
  69  6:52  Siege Tank  
  69  6:54  SCV  
  76  7:00  SCV  
  77  7:04  Marine x2  
  77  7:06  Marine  
  80  7:09  Marine x2  
  80  7:10  Supply Depot  
  80  7:12  SCV  
  83  7:18  Medivac x2  
  83  7:22  Marine x2  
  89  7:26  Marine  
  89  7:28  Marine  
  82  7:33  Liberator  
  82  7:35  Marine x3  
  60  7:38  SCV  
  60  7:40  Marine x2  
  60  7:42  SCV  
  60  7:44  Marine  
  58  7:46  Marine  
  58  7:47  Siege Tank  
  66  7:52  SCV x2  
  66  7:53  Marine x2  
  66  7:57  Marine  
  66  7:58  Marine  
  72  8:01  Marine  
  72  8:04  Marine  
  75  8:10  Marine  
  75  8:11  Marine  
  76  8:15  Marine  
  76  8:19  Marine  
  64  8:21  Marine  
  66  8:27  Marine  
  66  8:29  Marine  
  66  8:31  Supply Depot  
  66  8:32  Siege Tank  
  66  8:33  Marine  
  72  8:37  Marine  
  72  8:39  Liberator, Marine  
  74  8:54  Marine x3  
  77  8:57  Barracks Reactor  
  77  8:58  Marine  
  81  9:03  Supply Depot  
  81  9:12  Marine x3  
  69  9:34  Marine x6  
  69  9:35  Siege Tank, Medivac  
  69  9:37  Terran Infantry Weapons Level 2  
  78  9:51  Marine  
  78  9:52  Marine x5  
  80  9:58  SCV  
  81  10:02  Terran Infantry Armor Level 2  
  81  10:05  SCV  
  79  10:09  Marine  
  79  10:10  Marine x2  
  79  10:11  SCV  
  79  10:12  Barracks Reactor  
  83  10:15  Barracks Reactor  
  83  10:16  Terran Vehicle And Ship Armor Level 1  
  83  10:23  SCV x2  
  85  10:35  Command Center  
  85  10:37  Barracks Reactor, Marine x2  
  85  10:39  Siege Tank  
  85  10:40  SCV x2  
  92  10:43  Supply Depot  
  92  10:45  Supply Depot  
  83  11:20  Marine  
  83  11:21  Marine x8  
  83  11:22  Siege Tank  
  78  11:38  Marine  
  78  11:39  Marine x8  
  74  11:44  Medivac x2  
  75  11:50  Orbital Command  
  75  11:51  Orbital Command  
  78  11:54  Siege Tank  
  78  11:56  Marine x4  
  76  12:07  Marine x5  
  65  12:13  Orbital Command  
  65  12:14  Marine x4  
  62  12:25  Marine  
  62  12:27  Marine  
  64  12:42  SCV x2  
  66  12:52  Marine x5  
  71  12:59  SCV x2, Marine x2  
  71  13:00  Marine x2  
  71  13:01  Siege Tank  
  71  13:02  Medivac  
  82  13:09  Marine  
  82  13:10  Marine x2  
  85  13:33  Marine  
  85  13:34  Marine x8  
  88  13:35  Siege Tank  
  88  13:40  Orbital Command  
  97  13:51  Factory, Refinery x2, Marine x5  
  97  13:52  Marine  
  103  13:59  Terran Infantry Weapons Level 3  
  103  14:00  Terran Infantry Armor Level 3  
  103  14:18  SCV  
  103  14:20  SCV  
  103  14:23  Marine x3  
  103  14:24  Marine x6  
  109  14:25  Siege Tank  
  117  14:33  Barracks  
  117  14:34  Barracks  
  117  14:37  Barracks  
  109  15:11  Marine x9  
  118  15:16  Factory Tech Lab  
  110  15:29  Marine x9  
  80  15:46  Marine  
  80  15:47  Marine  
  78  15:52  Barracks Reactor  
  78  15:53  Barracks Reactor  
  78  15:54  Barracks Reactor  
  78  15:55  SCV x2  
  78  15:56  Refinery x2, SCV x2  
  80  16:07  SCV  
  81  16:11  Medivac x2  
  81  16:12  Siege Tank, Marine x8  
  81  16:13  Marine  
  81  16:15  Siege Tank  
  102  16:18  SCV x2  
  102  16:30  Marine x3  
  75  16:41  Marine x3  
  75  16:42  Marine x8  
  82  16:50  Orbital Command  
  82  17:06  Siege Tank  
  82  17:08  Siege Tank, Marine x2  
  86  17:09  Marine x2  
  86  17:10  Marine x8  
  86  17:11  Marine x3  
  86  17:14  Medivac  
  103  17:17  Medivac  
  105  17:26  Marine x2  
  107  17:33  SCV x3  
  107  17:36  Supply Depot  
  110  17:50  Marine  
  111  17:58  Marine x11  
  112  17:59  Siege Tank x2, Marine x3  
  126  18:32  Marine x12  
  126  18:33  Marine x3  
  132  18:50  Marine x6  
  133  19:03  Marine  
  133  19:04  Marine x4  
  133  19:05  Siege Tank x2, Medivac  
  145  19:22  Starport  
  145  19:23  Starport  
Show
View Real Time Build Order
Export as new Build Order

Rye Zerg 

Build Orders: Hatch First 

Get SALT Encoding   

  12  0:02  Drone  
  13  0:14  Overlord  
  13  0:21  Drone  
  14  0:33  Drone x2  
  16  0:50  Hatchery  
  16  0:53  Drone  
  16  0:56  Drone  
  17  1:08  Extractor  
  16  1:12  Spawning Pool  
  16  1:15  Drone  
  16  1:19  Drone  
  16  1:23  Drone  
  18  1:34  Drone  
  19  1:54  Overlord  
  19  2:06  Zergling x4  
  19  2:07  Zergling x2, Queen  
  24  2:09  Queen  
  24  2:10  Metabolic Boost  
  26  2:19  Overlord  
  26  2:37  Drone x5  
  31  2:52  Drone x2  
  33  3:03  Evolution Chamber  
  33  3:05  Drone x2  
  34  3:15  Drone x2  
  34  3:18  Drone  
  37  3:21  Drone x3  
  37  3:22  Drone  
  42  3:27  Zergling x2  
  42  3:32  Overlord  
  42  3:39  Extractor x2  
  42  3:40  Drone x3  
  43  3:42  Hatchery  
  42  3:52  Drone x7  
  49  4:18  Lair  
  49  4:20  Drone  
  49  4:21  Drone x2  
  49  4:23  Overlord x3  
  51  4:38  Drone  
  51  4:39  Drone  
  51  4:40  Baneling Nest, Drone  
  51  4:51  Overlord x3  
  51  4:52  Overlord x2  
  50  4:56  Zergling x4  
  50  4:57  Pneumatized Carapace  
  52  5:03  Zergling x2  
  53  5:11  Zergling x16  
  53  5:13  Hatchery, Zerg Melee Weapons Level 1  
  60  5:22  Zergling x6  
  60  5:24  Queen  
  65  5:30  Zergling x4  
  67  5:37  Centrifical Hooks  
  67  5:41  Hydralisk Den, Extractor, Drone x4  
  69  5:43  Drone x4  
  69  5:44  Baneling  
  69  5:48  Zergling x2  
  74  5:52  Zergling x2  
  74  5:53  Zergling x2  
  75  5:59  Zergling x2  
  75  6:05  Zergling x4  
  75  6:06  Zergling x6  
  76  6:21  Muscular Augments  
  76  6:26  Drone x3  
  76  6:27  Drone  
  76  6:28  Drone  
  76  6:29  Extractor  
  76  6:30  Extractor, Drone x2  
  81  6:37  Spore Crawler x2  
  79  6:46  Zergling x4  
  79  6:47  Zergling x18  
  89  6:55  Overlord  
  89  7:00  Overlord x2  
  89  7:03  Baneling x7  
  89  7:04  Baneling x10  
  89  7:07  Zerg Ground Armor Level 1  
  89  7:09  Overlord x2  
  89  7:10  Overlord  
  89  7:13  Zergling x2  
  89  7:14  Zergling x10  
  95  7:16  Overlord  
  82  7:33  Zergling x2  
  82  7:34  Zergling x18  
  80  7:40  Zergling x6  
  79  7:44  Queen  
  79  7:48  Overlord  
  79  7:49  Zergling x2  
  79  7:50  Zergling x4  
  84  7:51  Baneling x2  
  84  7:52  Baneling x5  
  84  7:53  Baneling x3  
  84  8:00  Infestation Pit  
  84  8:01  Hydralisk x6  
  84  8:04  Hydralisk  
  97  8:06  Baneling  
  97  8:07  Baneling x2  
  92  8:17  Zergling x2  
  92  8:18  Zergling x12  
  92  8:22  Overlord  
  92  8:23  Overlord x2  
  92  8:24  Hydralisk x4  
  100  8:40  Hydralisk x2  
  100  8:41  Hydralisk  
  106  8:57  Spore Crawler  
  106  8:58  Hydralisk, Spore Crawler  
  106  8:59  Hydralisk x4  
  106  9:01  Zergling x4  
  116  9:04  Hatchery  
  98  9:17  Hydralisk  
  98  9:18  Hydralisk x4  
  92  9:24  Hydralisk  
  92  9:27  Zergling x6  
  92  9:28  Zergling x4  
  91  9:33  Baneling x2  
  91  9:35  Zergling x2  
  91  9:36  Zergling x4  
  89  9:47  Zergling x2  
  89  9:48  Zergling x14  
  94  9:56  Zergling x2  
  94  9:57  Zergling x6  
  98  10:12  Zerg Melee Weapons Level 2  
  98  10:16  Evolution Chamber  
  98  10:18  Spore Crawler  
  96  10:24  Baneling x4  
  96  10:25  Hydralisk x5  
  106  10:41  Drone  
  106  10:42  Drone x2  
  109  10:50  Zergling x2  
  110  10:57  Baneling x2  
  110  10:58  Baneling x2  
  110  11:04  Zergling x2  
  110  11:05  Zergling x32  
  110  11:10  Baneling x2  
  110  11:21  Zergling x2  
  110  11:22  Zergling x16  
  110  11:24  Baneling x3  
  103  11:37  Zergling x16  
  90  12:07  Zergling x2, Hydralisk x8  
  82  12:17  Hydralisk x2  
  82  12:18  Hydralisk  
  86  12:25  Hydralisk  
  86  12:26  Hydralisk  
  89  12:31  Drone  
  89  12:32  Drone x3  
  93  12:43  Baneling x7  
  92  12:48  Hydralisk  
  92  12:49  Hydralisk  
  92  12:50  Zergling x4  
  98  13:06  Zergling x2  
  98  13:07  Zergling x20  
  109  13:17  Drone x3  
  109  13:19  Queen  
  109  13:41  Drone x6  
  112  13:42  Drone  
  116  14:04  Hatchery  
  115  14:16  Overlord  
  115  14:17  Overlord  
  115  14:18  Overlord  
  115  14:23  Zerg Ground Armor Level 2  
  115  14:26  Hive  
  115  14:48  Zergling x6  
  115  14:49  Zergling x28  
  130  14:56  Zergling x6  
  130  14:57  Zergling x20  
  136  15:01  Baneling  
  136  15:10  Baneling  
  136  15:11  Baneling x12  
  128  15:35  Zergling x4  
  107  15:36  Zergling x32  
  120  16:03  Zergling x2  
  120  16:04  Zergling x20  
  131  16:06  Zerg Melee Weapons Level 3  
  131  16:13  Ultralisk Cavern  
  107  16:39  Zergling x28  
  98  16:40  Zergling x6  
  98  16:45  Hydralisk x8  
  98  16:46  Hydralisk  
  104  16:57  Hydralisk  
  104  16:58  Hydralisk x4  
  114  17:05  Baneling x3  
  114  17:06  Baneling x2  
  114  17:07  Chitinous Plating  
  114  17:09  Ultralisk x2  
  126  17:27  Hatchery  
  125  17:34  Hatchery  
  124  17:39  Extractor  
  124  17:40  Extractor  
  124  17:42  Extractor  
  119  17:45  Extractor, Hydralisk x5  
  119  17:47  Extractor x2  
  124  17:52  Overlord x2  
  124  18:01  Overlord  
  124  18:02  Overlord  
  124  18:03  Overlord  
  124  18:13  Drone x2  
  124  18:14  Drone x2  
  106  18:34  Lair  
  106  18:36  Zergling x22  
  106  18:37  Zergling x20  
  107  19:06  Overlord  
  107  19:08  Baneling  
  107  19:09  Baneling  
  107  19:18  Spire  
  107  19:21  Hydralisk  
  107  19:22  Hydralisk  
  101  19:38  Hydralisk  
  64  19:39  Hydralisk  
  64  19:41  Zergling x6  
  64  19:42  Zergling x18  
Tags
 
Add a new tag
Caveats
  • Supply blocks, unpowered buildings, or Contaminate may cause inaccurate times.
  • Supply counts are checked every 10 seconds.